 Dungeon Crawl Stone Soup version 0.27-a0-797-g27d10ad80f (webtiles) character file.

Game seed: 18027280886003736942

66 Hasart the Sneak (level 4, -3/24 HPs)
             Began as a Kobold Enchanter on Mar 27, 2021.
             Succumbed to a kobold's poison
             ... on level 1 of the Dungeon.
             The game lasted 00:04:25 (2506 turns).

Hasart the Sneak (Kobold Enchanter)                 Turns: 2506, Time: 00:04:26

Health: -3/24      AC:  2    Str:  5    XL:     4   Next: 37%
Magic:  3/7        EV: 15    Int: 17    God:
Gold:   40         SH:  0    Dex: 15    Spells: 1/7 levels left

rFire    . . .     SeeInvis .   c - +2 short sword (venom)
rCold    . . .     Faith    .   (shield restricted)
rNeg     . . .     Spirit   .   b - +0 robe
rPois    .         Reflect  .   (no helmet)
rElec    .         Harm     .   (no cloak)
rCorr    .         Rampage  .   (no gloves)
Will     .....                  (no boots)
Stlth    ++++......             (no amulet)
HPRegen  0.08/turn              (no ring)
MPRegen  0.10/turn              (no ring)

@: lethally poisoned (-3 -> -26)
A: small, no large weapons, nightstalker 3
a: no special abilities


You were on level 1 of the Dungeon.
You visited 1 branch of the dungeon, and saw 2 of its levels.

You collected 40 gold pieces.

Inventory:

Hand Weapons
 a - a +1 dagger
 c - a +2 short sword of venom (weapon)
Missiles
 e - 25 poisoned darts (quivered)
Armour
 b - a +0 robe (worn)
Jewellery
 j - a +4 ring of protection
Scrolls
 f - a scroll of enchant armour {unknown}
 g - a scroll of enchant weapon {unknown}
 i - a scroll of identify {unknown}
Potions
 d - a potion of flight {unknown}
 h - a potion of mutation {unknown}


   Skills:
 + Level 2.6 Short Blades
 + Level 3.1 Dodging
 + Level 4.7 Stealth
 - Level 2.1 Spellcasting
 * Level 3.8 Hexes


You had one spell level left.
You knew the following spells:

 Your Spells              Type           Power      Damage    Failure   Level
a - Corona                Hex            15%        N/A       4%          1
b - Ensorcelled Hibernat  Hex/Ice        16%        N/A       13%         2
c - Confusing Touch       Hex            14%        N/A       12%         3

Your spell library contained the following spells:

 Spells                   Type           Power      Damage    Failure   Level
 Tukima's Dance           Hex            14%        N/A       12%         3
 Dazzling Flash           Conj/Hex       16%        N/A       26%         3


Dungeon Overview and Level Annotations

Branches:
Dungeon (2/15)

Altars:


Innate Abilities, Weirdness & Mutations

You are small and have problems with some larger weapons.
You are completely attuned to the shadows.


Message History

There is an escape hatch in the floor here.
There is an open door here.
A ball python and a kobold come into view.
The kobold is wielding a +1 dagger of venom.
There are monsters nearby!
There are monsters nearby!
The ball python hisses angrily.
The kobold shouts!
The ball python bites you. The ball python closely misses you.
You closely miss the ball python.
A bat comes into view.
The ball python misses you. The ball python closely misses you.
You puncture the ball python!
You kill the ball python!
You closely miss the kobold. The bat misses you.
The kobold hits you with a +1 dagger of venom.
You are poisoned.
The bat hits you.
You hit the bat.
You kill the bat!
You feel extremely sick.
The kobold hits you with a +1 dagger of venom.
You are too injured to fight recklessly!
Unknown command.
Casting: Ensorcelled Hibernation (safe; 13% risk of failure)
Confirm with . or Enter, or press ? or * to list all spells.
Aiming: Ensorcelled Hibernation (safe; 13% risk of failure)
Press: ? - help, Shift-Dir - straight line, f - kobold
Aim: a kobold, wielding a +1 dagger of venom (chance to affect: 57%)
The kobold resists with significant effort.
You feel sick.
The kobold hits you with a +1 dagger of venom.
You are lethally poisoned!
Casting: Ensorcelled Hibernation (safe; 13% risk of failure)
Confirm with . or Enter, or press ? or * to list all spells.
Aiming: Ensorcelled Hibernation (safe; 13% risk of failure)
Press: ? - help, Shift-Dir - straight line, f/p - kobold
Aim: a kobold, wielding a +1 dagger of venom (chance to affect: 57%)
The kobold looks drowsy...
Ouch! That really hurt!
You die...

#.# #......# ##
#.# #......# ..
#.# #......# ..
#.# #......# ..
#.# #......# ..
#.# #......# ..
#.# ######## ..
#.#############
##
#...........@.#
#...........K.#
#
#.............#
#
#.............#
#
#.#######.....#
#####.# ......#
.####.# .# #.##


You could see a kobold (asleep).

Vanquished Creatures
  An adder (D:2)
  A worm (D:2)
  2 dart slugs (D:1)
  5 ball pythons
  6 endoplasms
  2 giant cockroaches
  4 hobgoblins
  A quokka (D:2)
  8 bats
  2 frilled lizards (D:2)
  4 goblins
  6 kobolds
  8 rats
50 creatures vanquished.

Notes
Turn   | Place    | Note
-------+----------+-------------------------------------------
     0 | D:1      | Hasart the Kobold Enchanter began the quest for the Orb.
     0 | D:1      | Reached XP level 1. HP: 10/10 MP: 3/3
   145 | D:1      | Reached XP level 2. HP: 15/15 MP: 5/5
   318 | D:1      | Learned a level 2 spell: Ensorcelled Hibernation
   500 | D:1      | You fall into a shaft and drop 1 floor!
   801 | D:2      | Reached XP level 3. HP: 19/19 MP: 3/6
  1116 | D:2      | Learned a level 3 spell: Confusing Touch
  1842 | D:2      | Reached XP level 4. HP: 23/24 MP: 7/7
  2506 | D:1      | Succumbed to a kobold's poison

Illustrated notes

Levels and vault maps discovered:
D:1:      dpeg_arrival_ratfight, layout_basic
D:2:      minmay_skewed_foursquare, layout_basic, nicolae_underground_beach

Skill      XL: |  1  2  3 |
---------------+----------+-----
Short Blades   | 2 |  2.6
Dodging        | 3 |  3.1
Stealth        | |  4.7
Spellcasting   | |  2.1
Hexes          | |  3.8

Action                   |  1- 3 |  4- 6 || total
-------------------------+-------+-------++-------
Melee: Dagger            |     5 |       ||     5
       Short sword       |    74 |    27 ||   101
 Cast: Ensorcelled Hiber |     5 |     2 ||     7
       Corona            |     1 |       ||     1
  Use: Potion            |     1 |       ||     1
 Stab: Sleeping          |    15 |     9 ||    24
       Distracted        |     1 |       ||     1
Armor: Robe              |    17 |     4 ||    21
Dodge: Dodged            |    60 |    24 ||    84

Table legend: (Time is in decaauts)
 A = Elapsed time spent in this place.
 B = Non-inter-level travel time spent in this place.
 C = Inter-level travel time spent in this place.
 D = Time resting spent in this place.
 E = Time spent auto-exploring this place.
 F = Levels seen in this place.
 G = Mean time per level.
                   A        B        C        D        E       F      G
               +--------+--------+--------+--------+--------+-----+--------+
         Total |   2507 |   2475 |     32 |    522 |   1614 |   2 | 1253.5 |
       Dungeon |   2507 |   2475 |     32 |    522 |   1614 |   2 | 1253.5 |
               +--------+--------+--------+--------+--------+-----+--------+

Top non-repeatable levels by time:
     D:2: 1538 daAuts
     D:1: 968 daAuts
